Arrhythmia, neutral female human Tourist ----------- ----------- ----------- ----------- |.......%.| |.........| |.........| |*(!!?)../| |......%..-#######-.........| |..>.......#%#####-..)....*/| |.........| |.........| |.{.......| |..)?+[%[/| -------.--- ------|---- ---------.- ----------- ## #### # --------.-- ---------.- ---------|- ----------- |.........| |.........| |.........| |.........| |.........| |....^.....#######|.....{...| #-..{......| |.........| |.........| #-.........-#######|......f..| -|--------- ------.---- --------.-- --------@-- ######## ##### ####### ######u# --------|-- --.-------- --.-------- -.--------- |....)....| |.........-#######|.........| |.........| |.........| |.........| #-........<| |.........| |.........-#######-.........| |#(.......| |.........| ----------- ----------- ----------- ----------- Arrhythmia the Sightseer Experience level: 5 Strength: 15 Dexterity: 13 Constitution: 9 Intelligence: 14 Wisdom: 12 Charisma: 15 Health: 0(39) Energy: 25(25) AC: 5 Gold: 449 Moves: 2001 Your Inventory: Coins $ - 449 gold pieces Weapons o - 29 uncursed +2 darts (wielded) Armor j - an uncursed +0 Hawaiian shirt (being worn) p - an [uncursed] +0 pair of low boots (being worn) q - an [uncursed] +0 helmet (being worn) u - an [uncursed] +0 hooded cloak [dwarvish] (being worn) B - an [uncursed] +0 ring mail (being worn) Comestibles b - an uncursed fortune cookie c - 6 uncursed food rations d - 2 uncursed Hot Futa Mare Dicks n - 2 [uncursed] lichen corpses Scrolls h - 3 uncursed scrolls of magic mapping i - a blessed scroll of magic mapping D - a [blessed] scroll labeled ABRA KA DABRA [of enchant weapon] Potions g - 2 uncursed potions of extra healing F - an [uncursed] clear potion [of water] Wands m - an [uncursed] wand of create monster [0:10] w - an [uncursed] crusty wand [of slow monster (0:7)] Tools k - an uncursed expensive camera (0:57) l - an uncursed credit card C - an [uncursed] bag of tricks [0:11] Gems x - an [uncursed] yellowish brown gem [worthless glass] Spells known in the end: Name Level Category Fail Memory Your skills at the end: Fighting Skills Weapon Skills dart [Basic / Expert] Spellcasting Skills Final Attributes: You were devoutly aligned. Hunger level was 716. Your alignment was 17 / 20. Monster difficulty range was 0 - 4. Level difficulty was 3. You were lucky (1). You are dead. Vanquished creatures: 2 small mimics a gnome lord a gray ooze a giant bat 2 iguanas a coyote 2 hobbits 2 manes a green mold a red mold a garter snake 2 geckos a jackal 2 foxes 6 grid bugs 2 lichens 2 newts 30 creatures vanquished. Voluntary challenges: You were an atheist. You followed a strict vegan diet. You used a wielded weapon 37 times. You read items or engraved 134 times. You put on armor 7 times. You never genocided any monsters. You never polymorphed an object. You never changed form. You used no wishes. You wrote Elbereth's name 54 times. You never encountered a bones level. You never used any Sokoban shortcuts. Dungeon overview: The Dungeons of Doom: levels 1 to 3 Level 1 a fountain a long staircase Level 2 an armor shop, a sink portal to Advent Calendar Level 3 <- You were here a general store, some fountains, a sink Advent Calendar: Level 5 many trees portal to The Dungeons of Doom History has recorded: On T:1 you entered the Dungeons of Doom to retrieve the Amulet of Yendor! On T:358 you reached level 2 of The Dungeons of Doom. On T:487 you advanced to experience level 2. On T:600 you advanced to experience level 3. On T:703 you advanced to experience level 4. On T:719 you reached level 1 of Advent Calendar. On T:880 you reached level 3 of The Dungeons of Doom. On T:1018 you advanced to experience level 5. Latest messages: $ - 49 gold pieces. You hear someone cursing shoplifters. [HP+1=19] [HP+1=20] [HP+1=21] The pony neighs! You hit the pony. The pony kicks! The pony bites! [HP-6=15] The pony kicks! The pony bites! [HP-4=11] The pony kicks! The pony bites! [HP-1=10] The pony kicks! The pony bites! [HP-6=4] The pony kicks! The pony misses. [HP-1=3] The pony kicks! You die... Final status: Aloha Arrhythmia the Tourist... You died in The Dungeons of Doom on dungeon level 3 with 1517 points, and 449 pieces of gold, after 2001 moves. You were level 5 with a maximum of 39 hit points when you died.